 Dungeon Crawl Stone Soup version 0.30.1-11-g7821555f0a (webtiles) character file.

Game seed: 4006797951068561988

8710 CrazyMind the Destroyer (level 11, -6/72 HPs)
             Began as a Demonspawn Conjurer on Jan 2, 2024.
             Was an Initiate of Gozag.
             Mangled by Harold
             ... wielding a +2 short sword of flaming
              (18 damage)
             ... on level 8 of the Dungeon on Jan 3, 2024.
             The game lasted 01:12:52 (14761 turns).

CrazyMind the Destroyer (Demonspawn Conjurer)      Turns: 14761, Time: 01:12:52

Health: -6/72      AC:  9    Str:  8    XL:     11   Next: 13%
Magic:  24/24      EV: 13    Int: 23    God:    Gozag
Gold:   2209       SH:  0    Dex: 12    Spells: 6/28 levels left

rFire   + . .        s - +3 dagger (elec)
rCold   + . .        (no shield)
rNeg    . . .        a - +0 robe
rPois   .            (helmet restricted)
rElec   .            C - scarf {rC+ rF+}
rCorr   .            c - +2 pair of gloves
SInv    .            (no boots)
Will    .....        (no amulet)
Stlth   +++          L - +4 ring of protection
HPRegen 0.32/turn    (no ring)
MPRegen 0.19/turn

%: no passive effects
@: no status effects
A: antennae 2, foul stench 1, spiny 2, weakness stinger 1, demonic touch 2
a: Renounce Religion, Potion Petition, Call Merchant, Bribe Branch


You were on level 8 of the Dungeon.
You worshipped Gozag.
Gozag was most pleased with you.
You visited 3 branches of the dungeon, and saw 12 of its levels.
You also visited: Bailey.

You collected 2312 gold pieces.
You paid 103 gold pieces to Gozag.

Inventory:

Hand Weapons
 d - a +2 dagger of venom
 l - a +0 rapier of venom
 s - a +3 dagger of electrocution (weapon)
 J - a +2 dagger of speed
Missiles
 h - 27 boomerangs
 u - 5 datura-tipped darts
 x - 3 throwing nets
 y - 35 poisoned darts (quivered)
 D - 2 javelins
Armour
 a - a +0 robe (worn)
 c - a +2 pair of gloves (worn)
 B - a +2 kite shield
 C - a scarf of resistance (worn)
Jewellery
 H - a +6 ring of strength
 L - a +4 ring of protection (left hand)
Wands
 w - a wand of roots (18)
 z - a wand of light (10)
 F - a wand of polymorph (9)
Scrolls
 i - 3 scrolls of immolation
 j - 3 scrolls of teleportation
 n - a scroll of fear
 p - 2 scrolls of enchant weapon
 q - 4 scrolls of amnesia
Potions
 b - a potion of magic
 e - a potion of degeneration {unknown}
 f - 4 potions of attraction
 g - 2 potions of mutation {unknown}
 k - 3 potions of might {unknown}
 m - 2 potions of invisibility
 o - 5 potions of curing
 r - 5 potions of flight
 t - 3 potions of haste
 v - 3 potions of ambrosia {unknown}
 A - 2 potions of berserk rage {unknown}
 E - a potion of lignification {unknown}
 G - 2 potions of heal wounds {unknown}


   Skills:
 + Level 2.3 Fighting
 + Level 3.0 Short Blades
 + Level 3.3 Throwing
 + Level 4.4 Dodging
 + Level 6.8 Stealth
 * Level 9.4 Spellcasting
 * Level 10.5 Conjurations
 + Level 2.8 Hexes
 + Level 0.3 Evocations


You had 6 spell levels left.
You knew the following spells:

 Your Spells              Type           Power      Damage    Failure   Level
a - Magic Dart            Conj           100%       1d8       1%          1
b - Searing Ray           Conj           100%       2d8       1%          2
c - Dazzling Flash        Conj/Hex       82%        N/A       1%          3
d - Iskenderun's Mystic   Conj/Tloc      35%        2d8       7%          4
e - Flame Wave            Conj/Fire      35%        2d10      7%          4
f - Fulminant Prism       Conj/Hex       20%        3d12      3%          4
g - Sticky Flame          Conj/Fire      35%        2d5       7%          4

Your spell library contained the following spells:

 Spells                   Type           Power      Damage    Failure   Level
 Necrotise                Necr           40%        1d6       6%          1
 Inner Flame              Hex/Fire       17%        N/A       10%         3
 Vampiric Draining        Necr           10%        2d6       19%         3
 Agony                    Necr           10%        N/A       86%         5


Dungeon Overview and Level Annotations

Branches:
Dungeon (10/15) Zot: 25302  Temple (1/1) D:6 Zot: 5861    Lair (1/5) D:8 Zot: 5968
    Orc (0/2) D:10         Bailey (visited)

Altars:
Ashenzari
Cheibriados
Dithmenos
Fedhas
Gozag
Hepliaklqana
Kikubaaqudgha
Makhleb
Nemelex Xobeh
Okawaru
Qazlal
Ru
Sif Muna
Trog
Uskayaw
Vehumet
Wu Jian
Xom
Yredelemnul

Shops:
D:3 [   D:9 [

Annotations:
D:8 Harold


Innate Abilities, Weirdness & Mutations

You have a pair of antennae on your head.
You may rarely emit foul miasma when damaged in melee.
You are mostly covered in sharp spines.
You have a small tail.
Your touch may inflict irresistible damage on your foes.


Message History

The blink frog hits you! The cane toad barely misses you.
The water moccasin is struck by your spines.
The water moccasin bites you. The komodo dragon barely misses you.
Harold is struck by your spines.
Harold hits you with a +2 short sword of flaming.
You climb upwards.
Welcome back to the Dungeon!
You feel very sick.
There is a staircase to the Lair, spattered with blood here.
As you read the scroll of fear, it crumbles to dust.
You assume a fearsome visage.
The komodo dragon resists with some effort.
The cane toad looks frightened!
Harold resists with some effort.
The water moccasin looks frightened!
The blink frog resists with almost no effort.
You feel very sick. The komodo dragon barely misses you.
Harold hits you with a +2 short sword of flaming!
* * * LOW HITPOINT WARNING * * *
You feel better. The komodo dragon bites you!
* * * LOW HITPOINT WARNING * * *
Harold barely misses you.
Okay, then.
Unknown command.
Unknown command.
Unknown command.
Okay, then.
Unknown command.
Unknown command.
Unknown command.
Unknown command.
Unknown command.
Okay, then.
Unknown command.
Unknown command.
Unknown command.
Unknown command.
You feel better. The komodo dragon barely misses you.
Harold hits you with a +2 short sword of flaming!!
You die...
Your body crumbles into a pile of gold.

#### #..<.......#
.#.# ##.........)##
..####
##............##
...#.#
#S.............#
....##
##............#.#
#####
#...F...........#
#.....####......#
###......Fl#......#
#.......#@@#.....##
#.#.....####.....#
#.#..[...........#
#.##..P.........##
#..'.:.....P....# #
#.##...........## #
#.##...........# #
#.##...........# #
#.###'#..^....##


You could see Harold, a komodo dragon, a cane toad (fleeing), a blink frog and a
water moccasin (fleeing).

Vanquished Creatures
  An orc knight (Bailey)
  2 komodo dragons
  A troll (D:10)
  Prince Ribbit (D:8)
  A blink frog (Lair:1)
  A vampire (D:10)
  7 yaks
  A wyvern (D:5)
  4 steam dragons
  3 vampire mosquitoes (D:8)
  An acid dragon (D:9)
  3 water moccasins
  2 black bears
  A sky beast (D:7)
  An ice beast (D:7)
  An ogre (D:6)
  8 orc warriors
  4 centaurs
  A phantom (D:6)
  3 kobold brigands
  Blork the orc (D:5)
  A gnoll sergeant (D:4)
  4 bullfrogs
  5 scorpions
  16 wights
  A killer bee (D:8)
  12 howler monkeys
  2 hounds (D:6)
  4 orc priests
  A sleepcap (D:8)
  3 jellies
  2 iguanas (D:5)
  6 orc wizards
  9 gnolls
  9 adders
  A white imp (D:7)
  2 ufetubi
  A worm (D:3)
  2 dart slugs
  25 orcs
  5 ball pythons
  4 bats
  4 endoplasms
  2 giant cockroaches (D:1)
  9 goblins
  9 hobgoblins
  20 kobolds
  2 quokkas
  A frilled lizard (D:3)
  A rat (D:1)
211 creatures vanquished.

Vanquished Creatures (others)
  29 fulminant prisms
29 creatures vanquished.

Grand Total: 240 creatures vanquished

Notes
Turn   | Place    | Note
-------+----------+-------------------------------------------
     0 | D:1      | CrazyMind the Demonspawn Conjurer began the quest for the
                  | Orb.
     0 | D:1      | Reached XP level 1. HP: 13/13 MP: 3/3
   188 | D:1      | Gained mutation: You may rarely emit foul miasma when
                  | damaged in melee. [demonic ancestry]
   188 | D:1      | Reached XP level 2. HP: 14/19 MP: 1/5
   191 | D:1      | Learned a level 2 spell: Searing Ray
   992 | D:2      | Discovered your monstrous ancestry.
   992 | D:2      | Gained mutation: You have a small tail. [demonic ancestry]
   992 | D:2      | Reached XP level 3. HP: 11/24 MP: 1/6
   996 | D:2      | Learned a level 3 spell: Dazzling Flash
  1044 | D:2      | Found a hide-covered altar of Uskayaw.
  1457 | D:2      | Reached skill level 5 in Conjurations
  2203 | D:3      | Found Vautis's Antique Armour Boutique.
  2432 | D:3      | Found a stormy altar of Qazlal.
  2596 | D:3      | Found a burning altar of Makhleb.
  2596 | D:3      | Noticed a cacodemon
  2818 | D:3      | Gained mutation: You have a pair of small antennae on your
                  | head. [demonic ancestry]
  2818 | D:3      | Reached XP level 4. HP: 30/30 MP: 5/8
  2935 | D:3      | Found a hazy altar of Hepliaklqana.
  2951 | D:3      | Found a radiant altar of Vehumet.
  3082 | D:4      | Noticed a scorpion
  3224 | D:4      | Noticed a gnoll sergeant
  3504 | D:4      | Found a sacrificial altar of Ru.
  3865 | D:4      | Gained mutation: You are partially covered in sharp spines.
                  | [demonic ancestry]
  3865 | D:4      | Reached XP level 5. HP: 26/35 MP: 4/10
  3871 | D:4      | Learned a level 4 spell: Iskenderun's Mystic Blast
  4935 | D:4      | Gained mutation: You have a pair of antennae on your head.
                  | [demonic ancestry]
  4935 | D:4      | Reached XP level 6. HP: 41/41 MP: 3/12
  5001 | D:5      | Entered Level 5 of the Dungeon
  5236 | D:5      | Reached skill level 6 in Conjurations
  5507 | D:5      | Gained mutation: Your touch may inflict minor irresistible
                  | damage on your foes. [demonic ancestry]
  5507 | D:5      | Reached XP level 7. HP: 42/47 MP: 7/14
  5555 | D:5      | Found an iron altar of Okawaru.
  5565 | D:5      | Noticed Blork the orc
  5589 | D:5      | Killed Blork the orc
  5590 | D:5      | Reached skill level 1 in Throwing
  5761 | D:5      | Noticed a wyvern
  5771 | D:5      | Killed a wyvern
  5772 | D:5      | Reached skill level 5 in Spellcasting
  5788 | D:4      | Learned a level 4 spell: Fulminant Prism
  5996 | D:6      | Found a staircase to the Ecumenical Temple.
  6006 | Temple   | Entered the Ecumenical Temple
  6131 | Temple   | Became a worshipper of Gozag Ym Sagoz the Greedy
  6461 | D:6      | Reached XP level 8. HP: 46/53 MP: 9/16
  6570 | D:6      | Reached skill level 7 in Conjurations
  6847 | D:6      | Reached skill level 1 in Fighting
  6847 | D:6      | Reached skill level 1 in Short Blades
  7482 | D:7      | Found a flagged portal.
  7626 | D:7      | Reached skill level 5 in Stealth
  7626 | D:7      | Gained mutation: Your touch may inflict irresistible damage
                  | on your foes. [demonic ancestry]
  7626 | D:7      | Reached XP level 9. HP: 52/59 MP: 6/18
  7681 | Bailey   | Entered a bailey
  7820 | Bailey   | Noticed an orc knight
  8053 | Bailey   | Killed an orc knight
  8054 | Bailey   | Reached skill level 8 in Conjurations
  9676 | D:7      | Reached skill level 1 in Hexes
 10115 | D:8      | Gained mutation: You are mostly covered in sharp spines.
                  | [demonic ancestry]
 10115 | D:8      | Reached XP level 10. HP: 63/67 MP: 18/21
 10115 | D:8      | Noticed Prince Ribbit
 10128 | D:8      | Killed Prince Ribbit
 10129 | D:8      | Reached skill level 9 in Conjurations
 11219 | D:8      | Found a staircase to the Lair.
 11701 | D:9      | Reached skill level 10 in Conjurations
 11771 | D:9      | Found an ornate altar of the Wu Jian Council.
 11789 | D:9      | Found a shimmering blue altar of Sif Muna.
 11972 | D:9      | Found a snail-covered altar of Cheibriados.
 12956 | D:9      | Found Juleu's Armour Shop.
 13036 | D:10     | Entered Level 10 of the Dungeon
 13062 | D:10     | Reached XP level 11. HP: 70/72 MP: 20/24
 13469 | D:10     | Found a staircase to the Orcish Mines.
 13982 | D:10     | Found a basalt altar of Yredelemnul.
 14206 | Lair:1   | Entered Level 1 of the Lair of Beasts
 14207 | Lair:1   | Identified a scroll of acquirement
 14207 | Lair:1   | Acquired a book of Flames
 14214 | Lair:1   | Learned a level 4 spell: Flame Wave
 14219 | Lair:1   | Learned a level 4 spell: Sticky Flame
 14219 | Lair:1   | Noticed Harold
 14326 | D:8      | HP: 3/72 [komodo dragon (23)]
 14760 | D:8      | HP: 2/72 [komodo dragon (16)]
 14761 | D:8      | Mangled by Harold

Illustrated notes

Levels and vault maps discovered:
D:1:      mushboom_english_gardens, layout_basic
D:2:      layout_basic, basic_altar, minmay_tromino_i2
D:3:      layout_loops_corners, overflow_temple_1_default, minitemple,
          makhleb_altar_promises_db, serial_shops, shop
D:4:      layout_basic, mainiacjoe_overflow_brackets, roderic_lattice_a,
          kennysheep_generic_room_4
D:5:      layout_rooms, mainiacjoe_overflow_24_doors, uniq_blork_the_orc
D:6:      layout_loops_cross, minmay_temple_entry_overgrown,
          nicolae_hexahallways, hangedman_abyss_or_decor_stabs, nrook_uturn
D:7:      layout_gridville, enter_bailey_5
D:8:      wad_crossroads, layout_basic, good_gods_temple_1,
          grunt_lair_entry_orc_guard_hut, st_stairs_6, uniq_prince_ribbit1
D:9:      layout_roguey, nicolae_wu_jian_immortal_techniques, led_sif_pool,
          kennysheep_slug_shrine, serial_shops, kennysheep_little_box
D:10:     layout_gridville, mainiacjoe_overflow_alcove_4, orc_0_dummy
Temple:   nicolae_temple_figure_zero
Lair:1:   layout_regular_city, portal_ice_cave_entry_pillars_2,
          chequers_serial_rivers_large_b, uniq_harold, uniq_nergalle

Skill      XL: |  1  2  3  4  5  6  7  8  9 10 11 |
---------------+----------------------------------+-----
Conjurations   | 5 6 7 8 10 | 10.5
Stealth        | 2 3 5 6 |  6.8
Dodging        | 2 3 4 |  4.4
Spellcasting   | 3 4 5 6 7 9 |  9.4
Throwing       | 1 3 |  3.3
Fighting       | 1 2 |  2.3
Short Blades   | 1 2 3 |  3.0
Hexes          | 1 2 |  2.8
Evocations     | |  0.3

Action                     |  1- 3 |  4- 6 |  7- 9 | 10-12 || total
---------------------------+-------+-------+-------+-------++-------
  Melee: Short sword       |    10 |       |       |       ||    10
         Dagger            |     7 |     3 |    20 |    37 ||    67
         Tailslap          |     1 |       |     2 |     7 ||    10
         Touch             |       |       |     7 |     5 ||    12
  Throw: Dart              |       |    14 |    15 |     4 ||    33
   Cast: Magic Dart        |    24 |    17 |    61 |     4 ||   106
         Searing Ray       |    16 |    22 |    49 |    47 ||   134
         Fulminant Prism   |       |       |     6 |    23 ||    29
         Dazzling Flash    |       |       |     2 |     5 ||     7
         Iskenderun's Myst |       |       |     2 |     3 ||     5
  Evoke: Wand              |       |       |     2 |       ||     2
    Use: Scroll            |       |       |    10 |     6 ||    16
         Potion            |       |       |     2 |     3 ||     5
   Stab: Sleeping          |     5 |     3 |     8 |     4 ||    20
         Distracted        |       |       |     1 |     3 ||     4
         Invisible         |       |       |       |     1 ||     1
 Armour: Robe              |     5 |     7 |    16 |    14 ||    42
  Dodge: Dodged            |    15 |    13 |    55 |    66 ||   149
